 Dungeon Crawl Stone Soup version 0.26.1-2-gb8aa6d0cf2 (webtiles) character file.

Game seed: 3926127413865363602

103971 ig87 the Severer (level 16, -17/117 HPs)
             Began as a Formicid Fighter on Mar 26, 2021.
             Was the Champion of Cheibriados.
             Killed by mirror damage (20 damage)
             ... on level 15 of the Dungeon.
             The game lasted 01:18:58 (26322 turns).

ig87 the Severer (Formicid Fighter)                Turns: 26322, Time: 01:18:58

Health: -17/117    AC: 26    Str: 41    XL:     16   Next: 91%
Magic:  16/16      EV: 19    Int: 25    God:    Cheibriados [******]
Gold:   2557       SH: 29    Dex: 25    Spells: 15/15 levels left

rFire    . . .     SeeInvis +   a - +2 battleaxe (elec)
rCold    + . .     Faith    .   G - +0 tower shield
rNeg     + . .     Spirit   .   E - +2 plate armour {rPois}
rPois    +         Reflect  +   (helmet unavailable)
rElec    .         Harm     .   p - +0 cloak
rCorr    .         Rampage  .   t - +2 pair of gloves
Will     +....                  u - +0 pair of boots
Stlth    ..........             r - amulet of reflection
HPRegen  0.29/turn              y - ring of protection from cold
MPRegen  0.15/turn              w - ring of positive energy

@: very slow
A: permanent stasis, dig shafts and tunnels, four strong arms, antennae 3,
yellow scales 1, frail 1
a: Dig, Shaft Self, Renounce Religion, Bend Time, Temporal Distortion, Slouch,
Step From Time


You were on level 15 of the Dungeon.
You worshipped Cheibriados.
Cheibriados was exalted by your worship.
You visited 4 branches of the dungeon, and saw 24 of its levels.
You also visited: Sewer.

You collected 2674 gold pieces.
You spent 117 gold pieces at shops.

Inventory:

Hand Weapons
 a - a +2 battleaxe of electrocution (weapon)
 b - a +1 shortbow of freezing
 c - a +3 trident
Missiles
 h - 531 arrows
Armour
 p - a +0 cloak (worn)
 t - a +2 pair of gloves (worn)
 u - a +0 pair of boots (worn)
 E - a +2 plate armour of poison resistance (worn)
 G - a +0 tower shield (worn)
Jewellery
 o - a +6 ring of dexterity
 r - an amulet of reflection (around neck)
 w - a ring of positive energy (right hand)
 y - a ring of protection from cold (left hand)
 F - an uncursed ring of flight
Wands
 k - a wand of acid (9)
 q - a wand of disintegration (11)
 v - a wand of flame (109)
 A - a wand of paralysis (9)
 D - a wand of polymorph (8)
Scrolls
 e - a scroll of enchant armour
 f - 10 scrolls of identify
 i - a scroll of magic mapping
 j - 5 scrolls of remove curse
 m - 3 scrolls of amnesia
 s - 3 scrolls of fear
 x - 5 scrolls of enchant weapon
 z - 2 scrolls of fog
Potions
 d - 4 potions of might
 g - 13 potions of curing
 l - 3 potions of mutation
 n - 2 potions of lignification
 B - 5 potions of ambrosia
 C - a potion of flight


   Skills:
 + Level 13.1 Fighting
 * Level 16.2 Axes
 + Level 13.2 Armour
 + Level 11.0 Dodging
 + Level 14.1 Shields


You had 15 spell levels left.
You didn't know any spells.
Your spell library contained the following spells:

 Spells                   Type           Power        Failure   Level
 Animate Skeleton         Necr           0%           54%         1
 Apportation              Tloc           0%           54%         1
 Beastly Appendage        Tmut           0%           54%         1
 Corona                   Hex            0%           54%         1
 Magic Dart               Conj           0%           54%         1
 Sandblast                Erth           0%           54%         1
 Summon Small Mammal      Summ           0%           54%         1
 Passwall                 Tmut/Erth      0%           67%         2
 Searing Ray              Conj           0%           67%         2
 Slow                     Hex            0%           67%         2
 Wereblood                Tmut           0%           67%         2
 Dazzling Flash           Conj/Hex       0%           88%         3
 Inner Flame              Hex/Fire       0%           88%         3
 Portal Projectile        Hex/Tloc       0%           88%         3
 Spider Form              Tmut/Pois      0%           88%         3
 Stone Arrow              Conj/Erth      0%           88%         3
 Cause Fear               Hex            0%           99%         4
 Fulminant Prism          Conj/Hex       0%           99%         4
 Ice Form                 Ice/Tmut       0%           99%         4
 Iskenderun's Mystic Bla  Conj/Tloc      0%           99%         4
 Leda's Liquefaction      Hex/Erth       0%           99%         4
 Petrify                  Tmut/Erth      0%           99%         4
 Blade Hands              Tmut           0%           100%        5
 Irradiate                Conj/Tmut      0%           100%        5
 Lee's Rapid Deconstruct  Erth           0%           100%        5
 Silence                  Hex/Air        0%           100%        5
 Yara's Violent Unravell  Hex/Tmut       0%           100%        5
 Hydra Form               Tmut           0%           100%        6
 Statue Form              Tmut/Erth      0%           100%        6
 Dragon Form              Tmut           0%           100%        7
 Discord                  Hex            0%           100%        8


Dungeon Overview and Level Annotations

Branches:
Dungeon (15/15) Temple (1/1) D:4 Lair (6/6) D:11 Shoals (0/4) Lair:3 Snake (0/4) Lair:3 Slime (0/5) Lair:5 Orc (2/2) D:12 Elf (0/3) Orc:2 Vaults (0/5) D:13 D:14 Depths (0/5) D:15 Sewer (visited)

Altars:
Ashenzari
Cheibriados
Dithmenos
Makhleb
Nemelex Xobeh
Qazlal
Ru
Trog
Wu Jian
Yredelemnul
Zin
The Shining One
Beogh

Shops:
Orc:2 [(?=

Annotations:
D:13 2 transporters, wpisznazwe's ghost, journeyman HOFi
D:14 2 transporters, Azrael; Wociock's ghost, journeyman DgWz
D:15 Roxanne
Lair:1 exclusion: downstairs
Lair:4 exclusion: oklob plant


Innate Abilities, Weirdness & Mutations

You cannot be hasted, slowed, berserked, paralysed or teleported.
You can dig through walls and to a lower floor.
Your four strong arms can wield two-handed weapons with a shield.
You have a pair of large antennae on your head. (SInv)
You are partially covered in yellow scales. (AC +2)
You are frail. (-10% HP)


Message History

* * * LOW HITPOINT WARNING * * *
The death knight offers itself to Yredelemnul, and fills with unholy energy.
You slice the centaur warrior!!
You kill the centaur warrior!
Cheibriados thoroughly appreciates the change of pace.
The death knight hits you but does no damage.
The death knight invokes the aid of Yredelemnul against you.
You resist with some effort.
Found a potion of curing, a scroll of brand weapon and 17 gold pieces.
Items here: $ ( ))) [[[ †††††.
You slash the death knight!
Lightning courses through the death knight!!
The death knight is heavily wounded.
The death knight reflects your damage back at you!
* * * LOW HITPOINT WARNING * * *
You block the death knight's attack.
You slice the death knight!!
The death knight is almost dead.
The death knight reflects your damage back at you!
You die...

.........# #(# ##.##
.........###'## #...#
#.##.###.##..(## ##..#
#.##.# #.#.....## ##.#
#..#.###....)...## $#
#.#
#................####...
#.#
................†+......
#.#
#....###..#####()...≈#
#.# ##.#.# #### ##@##.##
### ##.# #!.≈...(p.....≈
(# ?.≈≈.##....##.≈ .≈≈.
......# {... ≈(##.≈# ##
≈≈.. .≈≈# ##.. ### ...


You could see a death knight (reflects damage).

Vanquished Creatures
  Jorgrun (Orc:1)
  An orc warlord (Orc:2)
  2 boulder beetles (D:14)
  10 hydras
  An ice dragon (Lair:6)
  4 two-headed ogres
  A death knight (D:12)
  5 centaur warriors
  6 tengu warriors
  Urug (D:14)
  3 orc high priests (Orc:2)
  9 death yaks
  8 skeletal warriors
  4 unseen horrors
  A flayed ghost (D:15)
  A wolf spider zombie (D:15)
  4 harpies (D:15)
  A phantasmal warrior (D:12)
  3 lindwurms (Lair:6)
  A necromancer (D:15)
  2 orc sorcerers (Orc:2)
  3 manticores
  A deep elf mage (D:14)
  2 cyclopes
  6 centaur zombies
  6 ugly things
  A merfolk siren (Lair:3)
  A stone giant skeleton (D:15)
  16 elephants
  Joseph (D:10)
  Psyche (D:8)
  6 black mambas
  3 centaur skeletons
  5 torpor snails (Lair:6)
  14 cane toads
  A freezing wraith (D:12)
  A rime drake (Lair:2)
  2 yaktaur zombies (D:15)
  4 komodo dragons
  2 merfolk (Lair:3)
  A queen bee (Lair:3)
  8 trolls
  3 meliai (D:14)
  8 hornets (Lair:6)
  A queen bee (shapeshifter) (D:13)
  11 polar bears
  10 blink frogs
  3 tyrant leeches (Lair:6)
  A shadow (D:13)
  A vampire (D:12)
  16 humans (D:13)
  A fire dragon skeleton (D:15)
  3 basilisks
  3 wyverns
  4 wraiths
  33 yaks
  2 vampire mosquitoes (D:15)
  2 steam dragons
  8 wargs
  A naga (Lair:3)
  3 soldier ants
  21 hell hounds
  3 acid dragons
  15 water moccasins
  32 orc warriors
  4 ice beasts
  13 black bears
  3 sky beasts
  2 phantoms
  13 centaurs
  9 ogres
  17 wolves (Lair:6)
  10 big kobolds
  22 bullfrogs
  A jelly (D:5)
  A scorpion (D:10)
  24 killer bees (Lair:3)
  20 wights
  6 howler monkeys
  6 hounds
  A gnoll shaman (D:10)
  20 orc priests
  A bullfrog skeleton (D:5)
  7 iguanas
  Terence (D:3)
  20 orc wizards
  9 worker ants
  A hound skeleton (D:5)
  A worker ant zombie (D:5)
  10 gnolls
  14 adders
  2 river rats (Sewer)
  2 shadow imps (D:5)
  2 white imps
  An ufetubus (D:5)
  An ooze (D:1)
  An adder skeleton (D:5)
  3 worms (Sewer)
  A dart slug (D:2)
  8 leopard geckos
  101 orcs
  5 ball pythons
  5 bats
  5 giant cockroaches
  3 goblins
  11 hobgoblins
  10 jackals
  4 quokkas
  4 frilled lizards
  A jackal skeleton (D:9)
  34 kobolds
  A leopard gecko skeleton (D:4)
  A quokka zombie (D:5)
  8 rats
789 creatures vanquished.

Vanquished Creatures (others)
  Sonja (Orc:1)
  An orc (Orc:2)
  3 bushes (Lair:6)
  28 fungi
  57 plants
  2 withered plants (D:15)
92 creatures vanquished.

Grand Total: 881 creatures vanquished

Notes
Turn   | Place    | Note
-------+----------+-------------------------------------------
     0 | D:1      | ig87 the Formicid Fighter began the quest for the Orb.
     0 | D:1      | Reached XP level 1. HP: 18/18 MP: 1/1
   116 | D:1      | Reached XP level 2. HP: 24/24 MP: 2/2
   674 | D:2      | Reached XP level 3. HP: 29/29 MP: 3/3
  1007 | D:1      | Reached skill level 1 in Dodging
  1007 | D:1      | Reached XP level 4. HP: 28/36 MP: 4/4
  1075 | D:2      | Reached skill level 3 in Axes
  1471 | D:2      | Reached XP level 5. HP: 42/42 MP: 5/5
  1971 | D:3      | Found a glowing drain.
  1985 | Sewer    | Entered a sewer
  2086 | Sewer    | Gained mutation: You are frail. (-10% HP) [potion of
                  | mutation]
  2086 | Sewer    | Gained mutation: You are partially covered in yellow
                  | scales. (AC +2) [potion of mutation]
  2279 | Sewer    | Noticed a big kobold
  2304 | Sewer    | Killed a big kobold
  2305 | Sewer    | Reached XP level 6. HP: 8/43 MP: 6/6
  2585 | Sewer    | Reached skill level 4 in Axes
  2661 | Sewer    | Reached XP level 7. HP: 49/49 MP: 7/7
  3021 | Sewer    | Reached skill level 5 in Shields
  3307 | Sewer    | Reached skill level 5 in Axes
  3440 | D:3      | Noticed Terence
  3448 | D:3      | Killed Terence
  3449 | D:3      | Reached XP level 8. HP: 47/54 MP: 8/8
  4053 | D:4      | Found a staircase to the Ecumenical Temple.
  4071 | Temple   | Entered the Ecumenical Temple
  4076 | Temple   | Became a worshipper of Cheibriados the Contemplative
  4339 | D:4      | Reached skill level 5 in Fighting
  4339 | D:4      | Reached skill level 5 in Armour
  4716 | D:5      | Entered Level 5 of the Dungeon
  4966 | D:5      | Reached * piety under Cheibriados
  6287 | D:6      | Reached skill level 6 in Axes
  6655 | D:6      | Reached XP level 9. HP: 55/61 MP: 9/9
  7212 | D:7      | Reached ** piety under Cheibriados
  7274 | D:7      | Reached skill level 7 in Axes
  7560 | D:7      | Found a glowing golden altar of the Shining One.
  8151 | D:8      | Reached *** piety under Cheibriados
  8321 | D:8      | Noticed Psyche
  8495 | D:8      | Reached XP level 10. HP: 69/69 MP: 10/10
  8669 | D:8      | Killed Psyche
  8670 | D:8      | Reached skill level 8 in Axes
  9477 | D:9      | Reached skill level 5 in Dodging
  9759 | D:9      | Found a burning altar of Makhleb.
  9835 | D:9      | Reached **** piety under Cheibriados
 10474 | D:10     | Entered Level 10 of the Dungeon
 10483 | D:10     | Reached skill level 9 in Axes
 10721 | D:10     | Found a sparkling altar of Nemelex Xobeh.
 10946 | D:10     | Noticed a two-headed ogre
 10961 | D:10     | Killed a two-headed ogre
 10962 | D:10     | Reached XP level 11. HP: 68/76 MP: 11/11
 11026 | D:10     | Noticed Joseph
 11041 | D:10     | Killed Joseph
 11190 | D:10     | Reached ***** piety under Cheibriados
 11256 | D:10     | Reached skill level 10 in Axes
 11511 | D:11     | Noticed an unseen horror
 11524 | D:11     | Killed an unseen horror
 11658 | D:11     | Noticed a purple ugly thing
 11672 | D:11     | Killed a purple ugly thing
 11925 | D:11     | Noticed a manticore
 11939 | D:11     | Killed a manticore
 12012 | D:11     | Found a staircase to the Lair.
 12322 | Lair:1   | Entered Level 1 of the Lair of Beasts
 12515 | Lair:1   | Reached XP level 12. HP: 84/84 MP: 12/12
 12594 | Lair:1   | Noticed a five-headed hydra
 12604 | Lair:1   | Killed a five-headed hydra
 12680 | Lair:1   | Noticed an eight-headed hydra
 12698 | Lair:1   | Killed an eight-headed hydra
 12699 | Lair:1   | Reached skill level 11 in Axes
 13549 | Lair:2   | Noticed a six-headed hydra
 13663 | Lair:1   | Killed a six-headed hydra
 13664 | Lair:1   | Reached skill level 10 in Shields
 14107 | Lair:2   | Noticed a six-headed hydra
 14126 | Lair:2   | Killed a six-headed hydra
 14126 | Lair:2   | Reached ****** piety under Cheibriados
 14997 | Lair:3   | Found a staircase to the Snake Pit.
 15054 | Lair:3   | Reached skill level 12 in Axes
 15055 | Lair:3   | Reached XP level 13. HP: 74/91 MP: 13/13
 15302 | Lair:3   | Reached skill level 10 in Armour
 15381 | Lair:3   | You fall into a shaft and drop 3 floors!
 15381 | Lair:6   | Entered Level 6 of the Lair of Beasts
 15401 | Lair:6   | Reached skill level 10 in Fighting
 15545 | Lair:5   | Noticed an eight-headed hydra
 15561 | Lair:5   | Killed an eight-headed hydra
 15732 | Lair:5   | Found a staircase to the Slime Pits.
 15912 | Lair:3   | Reached skill level 13 in Axes
 16211 | Lair:3   | Found a staircase to the Shoals.
 16643 | Lair:4   | Noticed a six-headed hydra
 16656 | Lair:4   | Killed a six-headed hydra
 16657 | Lair:4   | Reached XP level 14. HP: 77/99 MP: 14/14
 18244 | Lair:6   | Found a runed translucent door.
 18304 | Lair:6   | Reached skill level 14 in Axes
 19005 | Lair:6   | Reached XP level 15. HP: 102/107 MP: 15/15
 20542 | D:12     | Found a staircase to the Orcish Mines.
 20684 | D:12     | Reached skill level 10 in Dodging
 21151 | D:12     | Found a roughly hewn altar of Beogh.
 21304 | D:13     | Reached skill level 15 in Axes
 21780 | D:13     | Noticed wpisznazwe's ghost (journeyman HOFi)
 21789 | D:13     | Found a transporter.
 21804 | D:13     | Found a transporter.
 21884 | D:13     | Found a stormy altar of Qazlal.
 22184 | D:14     | Found a gate to the Vaults.
 22184 | D:14     | Noticed Urug
 22264 | D:14     | Killed Urug
 22342 | D:14     | Found a transporter.
 22344 | D:14     | Noticed Wociock's ghost (journeyman DgWz)
 22362 | D:14     | Found a transporter.
 22608 | D:14     | Noticed Azrael
 22619 | D:14     | Reached XP level 16. HP: 116/116 MP: 16/16
 22695 | Orc:1    | Entered Level 1 of the Orcish Mines
 22695 | Orc:1    | Noticed Sonja
 22720 | Orc:1    | Killed Sonja
 22957 | Orc:1    | Noticed Jorgrun
 22980 | Orc:1    | Killed Jorgrun
 23171 | Orc:2    | Entered Level 2 of the Orcish Mines
 23203 | Orc:2    | Found a roughly hewn altar of Beogh.
 23569 | Orc:2    | Found a roughly hewn altar of Beogh.
 23699 | Orc:2    | Found a roughly hewn altar of Beogh.
 23700 | Orc:2    | Found Kaleum's Magic Scroll Shoppe.
 23756 | Orc:2    | Found a roughly hewn altar of Beogh.
 23913 | Orc:2    | Found a roughly hewn altar of Beogh.
 23926 | Orc:2    | Found Jinaeghy's Jewellery Boutique.
 24008 | Orc:2    | Found a staircase to the Elven Halls.
 24025 | Orc:2    | Found a roughly hewn altar of Beogh.
 24200 | Orc:2    | Found a roughly hewn altar of Beogh.
 24718 | Orc:2    | Found Fubeckiy's Antique Armour Shop.
 24720 | Orc:2    | Found Jeulaor's Antique Weapon Boutique.
 24723 | Orc:2    | Found a roughly hewn altar of Beogh.
 24731 | Orc:2    | Bought a tower shield for 117 gold pieces
 24997 | D:14     | You fall into a shaft and drop 1 floor!
 24997 | D:15     | Entered Level 15 of the Dungeon
 25377 | D:15     | Found a staircase to the Depths.
 25828 | D:15     | Noticed Roxanne
 25879 | D:15     | Reached skill level 16 in Axes
 25939 | D:15     | Found a sacrificial altar of Ru.
 26321 | D:15     | HP: 2/117 [mirror damage (23)]
 26322 | D:15     | Killed by mirror damage

Illustrated notes

Levels and vault maps discovered:
D:1:      lightli_arrival_farm, layout_basic
D:2:      layout_loops_ring, minmay_misc_feat_rows, kennysheep_crisscross
D:3:      layout_basic, portal_sewer_entry_b, st_stairs_12, uniq_terence
D:4:      layout_loops_ring, temple_pool_b
D:5:      layout_gridville
D:6:      layout_loops_ring
D:7:      layout_basic, lemuel_crystal_altar, minmay_misc_feat_cross,
          kennysheep_generic_room_6
D:8:      layout_loops_cross, uniq_psyche
D:9:      layout_stronghold, basic_altar, kennysheep_generic_room_2
D:10:     layout_cave_pods, basic_altar, uniq_joseph
D:11:     layout_cave_pods, lair_entry_dummy
D:12:     layout_loops_cross, minmay_orc_entry_temple_small
D:13:     layout_cave_pools, gammafunk_ghost_berserking_beasts,
          minmay_ruined_shrine
D:14:     layout_rooms, david_vaults_3, gammafunk_ghost_berserking_beasts,
          grunt_gozag_breadcrumbs, uniq_azrael
D:15:     gammafunk_depths_entry_grave, layout_loops_corners,
          nicolae_ru_the_path_less_chosen, hangedman_aviary, uniq_roxanne
Temple:   grunt_wide_crystal_templ
Lair:1:   layout_cave_pods, infiniplex_staircase_pool_2, grunt_megastairs_4
Lair:2:   layout_misc_corridors
Lair:3:   layout_hall_layers, elwin_shoals_entry_stream,
          guppyfry_snake_entry_garden, special_room [special_room_bee],
          grunt_megastairs_5
Lair:4:   layout_gridlike, minmay_lair_oklob_chamber
Lair:5:   layout_regular_city, slime_dummy
Lair:6:   hangedman_lair_caniforms_friends, layout_regular_city, wormcave,
          grunt_megastairs_3
Orc:1:    layout_caves, uniq_jorgrun, uniq_sonja
Orc:2:    grunt_orc_community_town_hall, layout_caves,
          grunt_orc_community_big_house_1, grunt_orc_community_big_house_2,
          grunt_orc_community_house_1, grunt_orc_community_house_1,
          grunt_orc_community_house_2, grunt_orc_community_house_3,
          grunt_orc_community_house_1, grunt_orc_community_house_2, special_room

Skill      XL: |  1  2  3  4  5  6  7  8  9 10 11 12 13 14 15 16 |
---------------+-------------------------------------------------+-----
Shields        | 4 5 6 7 8 9 10 11 12 13 14 | 14.1
Dodging        | 1 2 3 4 5 6 7 8 9 10 11 | 11.0
Axes           | 3 4 5 6 7 9 10 12 13 14 15 16 | 16.2
Fighting       | 4 5 6 7 8 9 10 11 12 13 | 13.1
Armour         | 4 5 6 7 9 10 11 12 13 | 13.2

Action                   |  1- 3 |  4- 6 |  7- 9 | 10-12 | 13-15 | 16-18 || total
-------------------------+-------+-------+-------+-------+-------+-------++-------
Melee: War axe           |    69 |   187 |   542 |   469 |   928 |    75 ||  2270
       Trident           |       |       |       |    36 |    43 |       ||    79
       Battleaxe         |       |       |       |       |       |   285 ||   285
 Abil: Dig               |       |       |       |       |     1 |       ||     1
       Shaft Self        |       |       |       |       |       |     1 ||     1
  Use: Potion            |       |     6 |     4 |     1 |     3 |       ||    14
       Scroll            |       |     3 |     9 |     2 |     3 |       ||    17
Armor: Plate armour      |    43 |   121 |   236 |   166 |   218 |   106 ||   890
       Scale mail        |     1 |       |       |       |       |       ||     1
Dodge: Dodged            |     8 |    35 |   138 |   188 |   416 |   129 ||   914
Block: Kite shield       |    35 |    82 |   325 |   519 |  1095 |   229 ||  2285
       Reflection        |       |       |       |    31 |    21 |    28 ||    80
       Tower shield      |       |       |       |       |       |   250 ||   250
